 Dungeon Crawl Stone Soup version 0.29-a0-802-g34511f41fd (webtiles) character file.

Game seed: 956267159604281079

44 polve the Cutter (level 3, 0/29 HPs)
             Began as a Demonspawn Abyssal Knight on July 3, 2022.
             Was a Believer of Lugonu.
             Slain by an adder (3 damage)
             ... on level 3 of the Dungeon.
             The game lasted 00:02:28 (1909 turns).

polve the Cutter (Demonspawn Abyssal Knight)        Turns: 1909, Time: 00:02:29

Health: 0/29       AC:  4    Str: 13 (15) XL:     3   Next: 41%
Magic:  4/4        EV: 11    Int: 10 (11) God:    Lugonu [**....]
Gold:   33         SH:  0    Dex: 11 (13) Spells: 2/2 levels left

rFire   . . .      SeeInvis .   a - +1 short sword
rCold   . . .      Faith    .   (no shield)
rNeg    . . .      Spirit   .   b - +0 leather armour
rPois   .          Reflect  .   (no helmet)
rElec   .          Harm     .   (no cloak)
rCorr   .          Rampage  .   (no gloves)
Will    .....                   g - +0 pair of boots
Stlth   +.........              (no amulet)
HPRegen 0.09/turn               (no ring)
MPRegen 0.09/turn               (no ring)

@: flying, invisible
A: demonic touch 1
a: Renounce Religion, Depart the Abyss, Bend Space


You were on level 3 of the Dungeon.
You worshipped Lugonu.
Lugonu was pleased with you.
You visited 1 branch of the dungeon, and saw 3 of its levels.
You visited the Abyss 1 time.

You collected 33 gold pieces.

Inventory:

Hand Weapons
 a - a +1 short sword (weapon)
Armour
 b - a +0 leather armour (worn)
 g - a +0 pair of boots (worn)
 j - a +0 helmet
Scrolls
 d - a scroll of magic mapping {unknown}
 e - 4 scrolls of identify {unknown}
 h - 2 scrolls of immolation {unknown}
 i - a scroll of teleportation {unknown}
Potions
 f - a potion of flight


   Skills:
 - Level 3.0 Fighting
 + Level 3.5 Short Blades
 - Level 1.7 Armour
 - Level 0.8 Dodging
 - Level 2.4 Invocations


You had 2 spell levels left.
You didn't know any spells.
Your spell library contained the following spells:

 Spells                   Type           Power      Damage    Failure   Level
 Call Canine Familiar     Summ           0%         N/A       82%         3
 Gell's Gravitas          Tloc           0%         N/A       82%         3
 Portal Projectile        Hex/Tloc       0%         N/A       82%         3
 Teleport Other           Tloc           0%         N/A       82%         3
 Leda's Liquefaction      Hex/Erth       0%         N/A       99%         4
 Dispersal                Tloc           0%         N/A       100%        6


Dungeon Overview and Level Annotations

Branches:
Dungeon (3/15)

Altars:

Shops:
D:1 (

Annotations:
D:3 Sigmund


Innate Abilities, Weirdness & Mutations

Your touch may inflict minor irresistible damage on your foes.


Message History

The adder is lightly wounded.
The adder barely misses you.
It was a potion of flight.
You feel very buoyant.
You fly up into the air.
The adder barely misses you. Sigmund gestures at you while chanting.
The magic dart hits you!
It was a potion of degeneration.
There was something very wrong with that liquid.
You feel weakened.
You feel dopey.
You feel clumsy. The adder bites you but does no damage.
Sigmund casts a spell at you.
You are confused.
The adder bites you.
You are poisoned.
The adder poisons you!
It was a potion of invisibility.
You fade into invisibility!
You feel sick. The adder bites you.
* * * LOW HITPOINT WARNING * * *
You closely miss the adder. Your touch misses the adder.
The adder is lightly wounded.
You feel sick. The adder barely misses you. Sigmund closely misses you.
You feel sick.
You feel sick. The adder bites you.
* * * LOW HITPOINT WARNING * * *
The adder barely misses you.
You hit the adder but do no damage.
The adder is lightly wounded.
You feel sick.
You are no longer poisoned.
The adder barely misses you.
You hit the adder but do no damage.
The adder is lightly wounded.
The adder bites you but does no damage. Sigmund misses you.
You miss the adder. Your touch misses the adder.
The adder is lightly wounded.
You feel less confused. The adder bites you.
You die...

#.##.........#.# #.
#.........#.#
#.######.#####.#
#.######.......#
####.......########
#...........#
#...........#
#...........#
#....@......#
#....S.@....#
#.....?.....#
..(............#
...............#
...............?.
.<...............
....######.....).
.... ......


You could see Sigmund (unable to see you) and an adder (unable to see you).

Vanquished Creatures
  An ufetubus (D:3)
  A worm (D:2)
  A dart slug (D:1)
  5 ball pythons (D:1)
  4 endoplasms
  2 giant cockroaches (D:1)
  3 goblins
  2 hobgoblins
  A quokka (D:1)
  3 bats
  2 frilled lizards
  4 kobolds (D:1)
  2 rats (D:1)
31 creatures vanquished.

Notes
Turn   | Place    | Note
-------+----------+-------------------------------------------
     0 | Abyss:1  | polve the Demonspawn Abyssal Knight began the quest for the
                  | Orb.
     0 | Abyss:1  | Reached XP level 1. HP: 18/18 MP: 2/2
     8 | Abyss:1  | Found a corrupted altar of Lugonu.
    41 | Abyss:1  | Found a corrupted altar of Lugonu.
   230 | Abyss:1  | Noticed a large abomination
   231 | D:1      | Escaped the Abyss
   379 | D:1      | Reached ** piety under Lugonu
   507 | D:1      | Gained mutation: Your touch may inflict minor irresistible
                  | damage on your foes. [demonic ancestry]
   507 | D:1      | Reached XP level 2. HP: 20/24 MP: 3/3
   653 | D:1      | Found Netraraps's Antique Weapon Shoppe.
  1461 | D:1      | Reached XP level 3. HP: 29/29 MP: 4/4
  1750 | D:2      | You fall into a shaft and drop 1 floor!
  1897 | D:3      | Noticed Sigmund
  1909 | D:3      | Slain by an adder

Illustrated notes

Levels and vault maps discovered:
D:1:      onia_arrival_handbag, layout_loops_ring, serial_shops, shop,
          hangedman_decor_riveting
D:2:      minmay_angry_zag, layout_basic, roderic_roman_lattice, uniq_natasha
D:3:      layout_basic, basic_ecumenical_altar, uniq_sigmund, uniq_ijyb,
          uniq_grinder

Skill      XL: |  1  2 |
---------------+-------+-----
Short Blades   | 2 3 |  3.5
Fighting       | |  3.0
Armour         | |  1.7
Dodging        | |  0.8
Invocations    | |  2.4

Action                   || total
-------------------------++-------
Melee: Short sword       ||    88
       Touch             ||    12
Invok: Depart the Abyss  ||     1
  Use: Potion            ||     3
 Stab: Sleeping          ||     2
Armor: Leather armour    ||    37
Dodge: Dodged            ||    72

Table legend: (Time is in decaauts)
 A = Elapsed time spent in this place.
 B = Non-inter-level travel time spent in this place.
 C = Inter-level travel time spent in this place.
 D = Time resting spent in this place.
 E = Time spent auto-exploring this place.
 F = Levels seen in this place.
 G = Mean time per level.
                   A        B        C        D        E       F      G
               +--------+--------+--------+--------+--------+-----+--------+
         Total |   1904 |   1883 |     21 |      0 |   1597 |   4 |  476.0 |
       Dungeon |   1673 |   1652 |     21 |      0 |   1369 |   3 |  557.7 |
         Abyss |    231 |    231 |      0 |      0 |    228 |   1 |  231.0 |
               +--------+--------+--------+--------+--------+-----+--------+

Top non-repeatable levels by time:
     D:1: 1383 daAuts
 Abyss:1: 231 daAuts
     D:3: 157 daAuts
     D:2: 131 daAuts
